 Dungeon Crawl Stone Soup version 0.23.2-33-g5129a83184 (webtiles) character file.

Game seed: 2324772918603602431

417 DildoBatman the Conjurer (level 7, -3/46 HPs)
             Began as a Formicid Wizard on July 9, 2019.
             Splashed by an acid dragon's acid (14 damage)
             ... on level 6 of the Dungeon.
             The game lasted 00:13:10 (4419 turns).

DildoBatman the Conjurer (Formicid Wizard)          Turns: 4419, Time: 00:13:11

Health: -3/46      AC:  1    Str: 11    XL:     7   Next: 15%
Magic:  8/11       EV: 15    Int: 20    God:
Gold:   233        SH:  0    Dex:  9    Spells: 5/12 levels left

rFire    + . .     SeeInvis +   a - +8 lance "Wyrmbane" {slay drac, rPois rF+ rC+ AC+3}
rCold    + . .     Gourm    .   (no shield)
rNeg     . . .     Faith    +   l - +0 robe
rPois    +         Spirit   .   (helmet unavailable)
rElec    .         Reflect  .   (no cloak)
rCorr    .         Harm     .   (no gloves)
MR       .....                  (no boots)
Stlth    ++........             d - amulet of faith
HPRegen  0.15/turn              k - +3 ring of evasion
MPRegen  0.12/turn              (no ring)

@: corroded
A: permanent stasis, dig shafts and tunnels, four strong arms, antennae 3
a: Dig, Shaft Self


You were on level 6 of the Dungeon.
You were not hungry.

You visited 2 branches of the dungeon, and saw 7 of its levels.

You collected 233 gold pieces.

Inventory:

Hand Weapons
 a - the +8 lance "Wyrmbane" (weapon) {slay drac, rPois rF+ rC+ AC+3}
   (You found it on level 6 of the Dungeon)

   It affects your AC (+3).
   It protects you from fire.
   It protects you from cold.
   It protects you from poison.
Missiles
 b - 196 stones (quivered)
 f - 27 sling bullets
 h - 2 tomahawks
 n - 7 javelins
 s - 18 arrows
 y - 20 bolts
Armour
 l - a +0 robe (worn)
Jewellery
 d - an amulet of faith (around neck)
 k - a +3 ring of evasion (left hand)
Scrolls
 e - a scroll of blinking {unknown}
 i - a scroll of fear
 t - a scroll of immolation {unknown}
 z - 2 scrolls of identify
Potions
 g - 2 potions of might
 j - a potion of heal wounds {unknown}
 m - 2 potions of mutation {unknown}
 p - 2 potions of invisibility {unknown}
 q - a potion of brilliance {unknown}
 r - a potion of ambrosia {unknown}
 u - a potion of haste {unknown}
 w - a potion of cancellation {unknown}
 x - a potion of curing {unknown}
Comestibles
 c - 16 chunks of flesh
 v - 4 rations


   Skills:
 * Level 2.0 Polearms
 - Level 1.7 Dodging
 * Level 3.9 Stealth
 - Level 3.2 Spellcasting
 * Level 5.4 Conjurations
   Level 1.0 Summonings
   Level 0.8 Translocations


You had 5 spell levels left.
You knew the following spells:

 Your Spells              Type           Power        Failure   Level  Hunger
a - Conjure Flame         Conj/Fire      ##......     14%         3    ###....
c - Magic Dart            Conj           ####         1%          1    None
e - Mephitic Cloud        Conj/Pois/Air  ##......     21%         3    ###....

Your spell library contained the following spells:

 Spells                   Type           Power        Failure   Level  Hunger
 Call Imp                 Summ           #.......     14%         2    ##.....
 Slow                     Hex            #.......     22%         2    ##.....
 Blink                    Tloc           Unusable     N/A         2    N/A

Dungeon Overview and Level Annotations

Branches:
Dungeon (6/15)             Temple (1/1) D:4

Altars:
Cheibriados
Dithmenos
Fedhas
Makhleb
Nemelex Xobeh
Okawaru
Qazlal
Sif Muna
Trog
Uskayaw
Vehumet
Xom
Yredelemnul
Zin
The Shining One

Annotations:
D:1 Jessica
D:2 1 exclusion
D:5 exclusions: sensed monster (detected) and skeleton, Edmund


Innate Abilities, Weirdness & Mutations

You cannot be hasted, slowed, berserked, paralysed or teleported.
You can dig through walls and to a lower floor.
Your four strong arms can wield two-handed weapons with a shield.
You have a pair of large antennae on your head. (SInv)


Message History

You dig through the rock wall.
You retract your mandibles.
Eating one of 17 chunks of flesh.
You eat one of the 17 chunks of flesh.
You feel a little less mighty now.
Unknown command.
Key pressed, stopping explore.
Unknown command.
You hear the hiss of a very distant avalanche of sand.
The acid dragon is too close now for your liking.
Casting: Mephitic Cloud (safe; 21% risk of failure)
Confirm with . or Enter, or press ? or * to list all spells.
Aiming: Conjure Flame (safe; 14% risk of failure)
Press: ? - help, Dir - move target cursor The fire ignites!
The acid dragon spits acid at you. The splash of acid hits you!
The acid corrodes you!
You are splashed with acid!
You die...

#.. #..........#)[.÷..#
#.D#######.#####)#####.# ####
#....D§..>...................
#######.#####################
##.## ##.## # ##.## # ##.## #
##@## # ##.## #####
.#####.#### #....
...........# #.###
.#########.# #....
#.#########.# #..........##
###########.# ##.


You could see an acid dragon.

Vanquished Creatures
  A centaur (D:6)
  A bullfrog (D:6)
  A crimson imp (D:5)
  A jelly (D:6)
  A centaur zombie (D:6)
  An orc wizard (D:6)
  A worker ant zombie (D:5)
  4 gnolls
  An adder (D:2)
  2 worms (D:2)
  4 dart slugs
  3 leopard geckos
  8 orcs
  A giant cockroach (D:2)
  9 goblins
  4 hobgoblins
  7 jackals (D:5)
  8 kobolds
  5 quokkas
  3 ball pythons
  12 bats
  6 frilled lizards
  A quokka skeleton (D:5)
  8 rats
93 creatures vanquished.

Notes
Turn   | Place    | Note
-------+----------+-------------------------------------------
     0 | D:1      | DildoBatman the Formicid Wizard began the quest for the
                  | Orb.
     0 | D:1      | Reached XP level 1. HP: 13/13 MP: 4/4
    64 | D:1      | Reached skill level 1 in Conjurations
   329 | D:1      | Reached XP level 2. HP: 19/19 MP: 1/6
   479 | D:1      | Reached skill level 2 in Conjurations
   656 | D:1      | Reached XP level 3. HP: 24/24 MP: 1/7
   666 | D:1      | Learned a level 3 spell: Conjure Flame
   670 | D:1      | Learned a level 3 spell: Mephitic Cloud
  1036 | D:2      | Noticed Jessica
  1106 | D:2      | You fall through a shaft!
  1529 | D:3      | Found a hide-covered altar of Uskayaw.
  1612 | D:2      | Reached skill level 3 in Conjurations
  1744 | D:2      | Reached XP level 4. HP: 25/30 MP: 6/8
  2402 | D:3      | Found a snail-covered altar of Cheibriados.
  2730 | D:3      | Reached skill level 4 in Conjurations
  2730 | D:3      | Reached XP level 5. HP: 35/35 MP: 3/9
  3103 | D:4      | Found a stormy altar of Qazlal.
  3147 | D:4      | Found a staircase to the Ecumenical Temple.
  3154 | Temple   | Entered the Ecumenical Temple
  3324 | D:5      | Entered Level 5 of the Dungeon
  3390 | D:5      | Noticed Edmund
  3945 | D:5      | Reached XP level 6. HP: 40/41 MP: 3/10
  4209 | D:6      | Found the +8 lance "Wyrmbane" {slay drac, rPois rF+ rC+
                  | AC+3}
  4219 | D:6      | Reached skill level 5 in Conjurations
  4300 | D:6      | Reached skill level 1 in Polearms
  4356 | D:6      | Noticed an acid dragon
  4357 | D:6      | Reached XP level 7. HP: 17/46 MP: 8/11
  4419 | D:6      | Splashed by an acid dragon's acid

Skill      XL: |  1  2  3  4  5  6 |
---------------+-------------------+-----
Conjurations   | 1 2 3 4 5 |  5.4
Polearms       | 2 |  2.0
Stealth        | 3 |  3.9
Dodging        | |  1.7
Spellcasting   | |  3.2
Summonings     | |  1.0
Translocations | |  0.8

Action                   |  1- 3 |  4- 6 |  7- 9 || total
-------------------------+-------+-------+-------++-------
Melee: Dagger            |    24 |    50 |       ||    74
       Lance             |       |    33 |       ||    33
 Cast: Magic Dart        |    84 |    77 |       ||   161
       Mephitic Cloud    |     1 |     4 |       ||     5
       Conjure Flame     |       |     1 |     1 ||     2
 Abil: Dig               |     1 |     4 |     2 ||     7
  Use: Scroll            |     2 |     6 |       ||     8
       Potion            |       |     1 |       ||     1
 Stab: Sleeping          |       |     4 |       ||     4
       Confused          |       |     1 |       ||     1
  Eat: Chunk             |     3 |     5 |     1 ||     9
       Ration            |       |     1 |       ||     1
Armor: Robe              |     5 |    10 |       ||    15
Dodge: Dodged            |    27 |    66 |       ||    93
